 Dungeon Crawl Stone Soup version 0.16.1-30-g34a7ffa (webtiles) character file.

761 Sirial the Ducker (level 7, -3/61 HPs)
             Began as a Yellow Draconian Wanderer on June 30, 2015.
             Was an Initiate of Sif Muna.
             Slain by a worker ant (5 damage)
             ... on level 5 of the Dungeon.
             The game lasted 00:34:09 (4806 turns).

Sirial the Ducker (Yellow Draconian Wanderer)       Turns: 4806, Time: 00:34:10

Health: -3/61      AC:  8    Str: 14      XL:     7   Next: 51%
Magic:  15/15      EV: 10    Int: 12      God:    Sif Muna [......]
Gold:   280        SH:  6    Dex: 11 (13) Spells: 2 memorised, 11 levels left

rFire  x . .     SeeInvis .     d - +0 short sword
rCold  + . .     Clarity  .     (armour unavailable)
rNeg   . . .     SustAb   .     u - +0 shield
rPois  .         Gourm    .     (helmet restricted)
rElec  .         Spirit   .     m - +1 cloak
rCorr  +         Warding  .     (no gloves)
rMut   .         Stasis   .     (no boots)
MR     .....                    g - amulet of faith
Stlth  ++........               q - ring of wizardry
                                a - ring of ice

@: lethally poisoned (-3 -> -8), heavily drained, not resistant to hostile
enchantments, unstealthy
A: spit acid, acid resistance, unfitting armour, blurry vision 1, deformed body,
low mp 1, cold-blooded, AC +6
a: Spit Acid, Renounce Religion


You were on level 5 of the Dungeon.
You worshipped Sif Muna.
Sif Muna was noncommittal.
You were not hungry.

You visited 1 branch of the dungeon, and saw 5 of its levels.

You collected 280 gold pieces.

Inventory:

Hand weapons
 b - a +2 blowgun
 d - a +0 short sword (weapon)
 x - a +1 mace of protection
 y - a +4 trident of protection
 A - a +2 dagger of electrocution
 C - a +0 longbow
Missiles
 i - 6 javelins (quivered)
 j - 32 poisoned needles
 l - 13 exploding sling bullets
Armour
 m - a +1 cloak (worn)
 u - a +0 shield (worn)
 v - a +0 pair of boots
Magical staves
 B - an uncursed staff of earth {unknown}
Jewellery
 a - a ring of ice (left hand)
 g - an amulet of faith (around neck)
 o - an uncursed ring of poison resistance {unknown}
 q - a ring of wizardry (right hand)
 r - an uncursed ring of stealth {unknown}
Magical devices
 p - a wand of digging (18)
Scrolls
 e - 3 scrolls of remove curse
 h - 2 scrolls of random uselessness
 k - a scroll of teleportation
 n - 2 scrolls of amnesia
Potions
 s - a potion of poison
 z - a potion of beneficial mutation {unknown}
Books
 c - the Collected Works on Darkness

   Spells                             Type                      Level
   a - Animate Skeleton               Necromancy                   1
   b - Vampiric Draining              Necromancy                   3
Comestibles
 f - a bread ration


   Skills:
 + Level 5.4(3.1) Fighting
 + Level 1.8(0.0) Short Blades
 + Level 1.7(0.0) Throwing
 + Level 7.0(4.6) Dodging
 + Level 4.8(2.5) Stealth
 + Level 0.2(0.0) Shields
 + Level 4.5(2.3) Spellcasting
 + Level 4.7(2.4) Necromancy
   Level 2.0(0.0) Air Magic


You had 11 spell levels left.
You knew the following spells:

 Your Spells              Type           Power        Failure   Level  Hunger
a - Animate Skeleton      Necr           N/A          38%         1    ##.....
b - Vampiric Draining     Necr           #.........   86%         3    ####...


Dungeon Overview and Level Annotations

Branches:
Dungeon (5/15)
 Temple: D:4-7

Altars:
Elyvilon
Fedhas
Gozag
Nemelex Xobeh
Qazlal
Sif Muna
Trog
Xom
Yredelemnul
Zin
The Shining One

Annotations:
D:5 Eustachio


Innate Abilities, Weirdness & Mutations

You can spit globs of acid.
You can corrode armour when you spit acid.
You are resistant to acid.
Your golden yellow scales are hard (AC +6).
Your body does not fit into most forms of armour.
Your cold-blooded metabolism reacts poorly to cold.
Scrolls take you a little longer to read.
Your body is misshapen.
Your magical capacity is low (-10% MP).


Message History

The worker ant is lightly wounded.
You block the worker ant's attack.
You barely miss the worker ant. You tail-slap the worker ant.
The worker ant is moderately wounded.
You block the worker ant's attack.
The worker ant bites you but does no damage.
You hit the worker ant but do no damage.
The worker ant is moderately wounded.
The worker ant bites you.
* * * LOW HITPOINT WARNING * * *
You closely miss the worker ant.
Your tail-slap misses the worker ant.
The worker ant is moderately wounded.
You block the worker ant's attack.
You closely miss the worker ant.
The worker ant is moderately wounded.
The worker ant bites you.
* * * LOW HITPOINT WARNING * * *
You are lethally poisoned!
The worker ant poisons you! The worker ant bites you.
You die...

#.#####...# ##.
##.#......#####..
##....####.##....> #.....#
#.# ..#..
#.....####.###.#..
#.>....##...#.....
#######..#..)...........
####........##)##..........
#.........@.##)###<........
#.........a###)##.(.(..)...
#..........###.....##)..(..
####....#####.....(...####<
###### ##...###### #.
###..# ### #.).## ##..
######.#### ###...
#..[......#####.....


You could see a worker ant.

Vanquished Creatures
  An ogre (D:4)
  A scorpion (D:4)
  A hound (D:4)
  2 orc priests
  3 iguanas (D:4)
  A worker ant (D:5)
  5 orc wizards
  Ijyb (D:5)
  Robin (D:3)
  5 adders
  A gnoll (D:1)
  A river rat (D:5)
  A giant mite (D:1)
  3 worms
  An ufetubus (D:5)
  5 giant geckos (D:2)
  19 orcs
  5 giant cockroaches
  7 hobgoblins
  4 ball pythons
  12 bats
  A giant newt (D:2)
  15 goblins
  6 kobolds
  9 rats
111 creatures vanquished.

Vanquished Creatures (collateral kills)
  An orc priest (D:5)
  3 orcs
  A bat (D:3)
  A giant cockroach (D:3)
6 creatures vanquished.

Vanquished Creatures (others)
  2 orc skeletons (D:5)
  A rat skeleton (D:4)
3 creatures vanquished.

Grand Total: 120 creatures vanquished

Notes
Turn   | Place    | Note
--------------------------------------------------------------
     0 | D:1      | Sirial, the Draconian Wanderer, began the quest for the Orb.
     0 | D:1      | Sirial set off with: 4 curare-tipped needles, a +2 blowgun, the Collected Works on Darkness, a +0 short sword, a bread ration
     0 | D:1      | Reached XP level 1. HP: 14/14 MP: 2/2
     6 | D:1      | Identified the Collected Works on Darkness
     8 | D:1      | Learned a level 1 spell: Animate Skeleton
   112 | D:1      | Reached XP level 2. HP: 14/20 MP: 3/3
   118 | D:1      | Reached skill level 4 in Dodging
   826 | D:1      | Reached XP level 3. HP: 26/26 MP: 4/4
  1024 | D:2      | Reached skill level 6 in Dodging
  1024 | D:2      | Reached XP level 4. HP: 23/41 MP: 4/11
  1640 | D:2      | Learned a level 3 spell: Vampiric Draining
  1894 | D:3      | Noticed Robin
  1923 | D:3      | Reached XP level 5. HP: 27/47 MP: 13/13
  1927 | D:3      | Reached skill level 5 in Fighting
  1950 | D:3      | Gained mutation: Your magical capacity is low (-10% MP). [potion of mutation]
  1950 | D:3      | Gained mutation: Your body is misshapen. [potion of mutation]
  1950 | D:3      | Gained mutation: Scrolls take you a little longer to read. [potion of mutation]
  1956 | D:3      | Killed Robin
  3038 | D:4      | HP: 3/72 [poisoned by an adder]
  3204 | D:4      | Reached XP level 6. HP: 50/56 MP: 13/13
  3793 | D:5      | Entered Level 5 of the Dungeon
  3865 | D:4      | Your scales start taking on a golden yellow colour.
  3865 | D:4      | Reached XP level 7. HP: 31/61 MP: 4/15
  3895 | D:5      | Noticed Ijyb
  3924 | D:5      | Found a shimmering altar of Xom.
  3924 | D:5      | Found a white marble altar of Elyvilon.
  3994 | D:5      | Found a blossoming altar of Fedhas.
  4001 | D:5      | Found an opulent altar of Gozag.
  4002 | D:5      | Found a glowing golden altar of the Shining One.
  4002 | D:5      | Found a bloodstained altar of Trog.
  4005 | D:5      | Found a glowing silver altar of Zin.
  4006 | D:5      | Found a basalt altar of Yredelemnul.
  4007 | D:5      | Found a sparkling altar of Nemelex Xobeh.
  4008 | D:5      | Found a deep blue altar of Sif Muna.
  4017 | D:5      | Found a stormy altar of Qazlal.
  4064 | D:5      | Became a worshipper of Sif Muna the Loreminder
  4383 | D:5      | Reached skill level 7 in Dodging
  4613 | D:5      | Killed Ijyb
  4701 | D:5      | Noticed Eustachio
  4806 | D:5      | HP: 2/61 [worker ant (3)]
  4806 | D:5      | Slain by a worker ant

Action                   |  1- 3 |  4- 6 |  7- 9 || total
-------------------------+-------+-------+-------++-------
Melee: Short sword       |    38 |   354 |   166 ||   558
 Fire: Blowgun           |    23 |    10 |     2 ||    35
Throw: Javelin           |       |       |     1 ||     1
 Cast: Animate Skeleton  |       |     5 |     2 ||     7
       Vampiric Draining |       |    14 |    13 ||    27
 Abil: Spit Acid         |       |       |     2 ||     2
  Use: Scroll            |     5 |     6 |     5 ||    16
       Potion            |     1 |    15 |       ||    16
 Stab: Sleeping          |     3 |     4 |       ||     7
       Distracted        |       |     1 |       ||     1
  Eat: Bread ration      |       |     2 |     2 ||     4
       Beef jerky        |       |     1 |       ||     1
       Pizza             |       |     1 |       ||     1
